Map: Discordance EC

Players

Pixie - Winner!

  • Race: Protoss Protoss
  • League: Silver
  • Spawn Location: 7:00

Fantaggle

  • Race: Zerg Zerg
  • Spawn Location: 1:00

VOD

Have the link to the VOD?

Description

Time

  • Played on: April 8, 2019, 7:06 a.m.
  • Length: 17:27
Show
View Real Time Build Order
Export as new Build Order

Pixie Protoss - Winner!

Build Orders: Carriers 

Get SALT Encoding   

  12  0:02  Probe  
  13  0:14  Probe  
  13  0:18  Pylon  
  14  0:22  Probe  
  15  0:35  Probe  
  16  0:47  Probe  
  16  0:49  Forge  
  17  0:57  Gateway  
  17  1:00  Probe  
  18  1:09  Probe, Assimilator  
  18  1:17  Probe  
  20  1:26  Probe  
  20  1:32  Photon Cannon  
  21  1:40  Probe  
  22  1:52  Probe  
  23  1:59  Pylon  
  23  2:11  Cybernetics Core  
  23  2:16  Probe, Assimilator  
  24  2:24  Probe  
  24  2:25  Zealot  
  27  2:34  Probe  
  27  2:36  Pylon  
  28  2:46  Probe  
  29  3:00  Stargate  
  29  3:03  Zealot  
  31  3:36  Photon Cannon  
  31  3:38  Void Ray  
  31  3:44  Photon Cannon  
  35  3:58  Pylon  
  35  3:59  Probe  
  36  4:08  Zealot  
  38  4:11  Void Ray, Probe  
  39  4:23  Probe  
  44  4:35  Probe  
  45  5:04  Pylon  
  45  5:05  Pylon  
  45  5:06  Pylon  
  45  5:11  Void Ray  
  45  5:17  Probe  
  50  5:29  Probe  
  51  5:36  Forge  
  51  5:41  Stargate, Probe  
  52  5:53  Probe  
  52  5:54  Void Ray  
  52  5:55  Protoss Air Weapons Level 1  
  57  6:16  Photon Cannon  
  57  6:17  Photon Cannon  
  57  6:20  Photon Cannon  
  57  6:21  Photon Cannon  
  57  6:24  Photon Cannon  
  57  6:25  Photon Cannon  
  57  6:31  Photon Cannon  
  57  6:34  Void Ray  
  57  6:37  Void Ray  
  65  6:48  Nexus  
  65  7:17  Void Ray  
  69  7:40  Pylon  
  69  7:42  Pylon  
  69  7:48  Assimilator  
  69  7:52  Assimilator  
  69  7:58  Void Ray  
  73  8:14  Void Ray  
  73  8:19  Probe  
  78  8:32  Probe  
  78  8:33  Protoss Air Armor Level 1  
  79  8:43  Stalker  
  79  8:44  Probe  
  82  8:53  Void Ray  
  86  9:00  Void Ray  
  90  9:13  Pylon  
  90  9:20  Fleet Beacon  
  90  9:36  Void Ray  
  94  10:20  Void Ray x2  
  102  10:28  Nexus  
  102  10:32  Pylon  
  102  10:34  Pylon  
  102  10:39  Protoss Air Weapons Level 2  
  102  10:53  Stargate  
  102  10:55  Stargate  
  102  11:06  Void Ray  
  106  11:18  Protoss Ground Weapons Level 1  
  106  11:21  Void Ray  
  110  11:41  Probe  
  110  11:45  Assimilator  
  111  11:49  Void Ray, Assimilator  
  111  11:50  Void Ray  
  111  11:54  Probe  
  120  12:06  Probe  
  121  12:14  Void Ray x2  
  129  12:32  Void Ray  
  129  12:36  Void Ray  
  137  12:41  Probe  
  138  12:53  Probe  
  139  13:10  Protoss Air Weapons Level 3  
  139  13:19  Pylon  
  139  13:22  Pylon x2  
  139  13:37  Void Ray  
  139  13:38  Carrier  
  148  13:42  Carrier  
  154  13:53  Carrier  
  160  14:00  Pylon  
  160  14:02  Pylon  
  160  14:04  Pylon  
  160  14:30  Carrier, Nexus  
  166  14:49  Carrier  
  172  15:11  Pylon  
  172  15:13  Pylon  
  172  15:25  Carrier  
  178  15:50  Probe  
  179  16:02  Probe  
  179  16:03  Carrier  
  186  16:14  Probe  
  187  16:20  Carrier  
  193  16:27  Probe  
  180  17:03  Probe  
  181  17:11  Probe  
Show
View Real Time Build Order
Export as new Build Order

Fantaggle Zerg 

Build Orders: Pool First, Zergling Baneling 

Get SALT Encoding   

  12  0:00  Drone  
  13  0:08  Drone  
  14  0:28  Spawning Pool  
  13  0:30  Drone  
  14  0:37  Overlord  
  14  0:41  Extractor  
  13  0:44  Drone  
  14  1:10  Drone  
  15  1:14  Queen  
  15  1:15  Zergling x4  
  19  1:22  Zergling x2  
  20  1:32  Overlord  
  20  1:41  Metabolic Boost  
  20  1:43  Zergling x2  
  21  2:04  Zergling x2  
  22  2:10  Zergling x2  
  23  2:24  Zergling x4  
  23  2:25  Zergling x4  
  27  2:38  Zergling x2  
  27  2:40  Hatchery, Overlord  
  27  2:50  Baneling Nest  
  26  2:52  Zergling x2  
  27  2:59  Zergling x4  
  27  3:04  Zergling x2  
  30  3:10  Zergling x2  
  31  3:24  Zergling x2  
  31  3:35  Baneling x4  
  31  3:37  Baneling  
  31  3:38  Baneling  
  31  3:43  Baneling  
  31  3:54  Zergling x4  
  31  3:55  Zergling x2  
  34  4:02  Baneling x2  
  34  4:05  Zergling x4  
  34  4:06  Zergling x2  
  25  4:39  Evolution Chamber, Drone x4  
  25  4:52  Queen  
  27  5:08  Spore Crawler  
  27  5:12  Spore Crawler  
  25  5:15  Drone x2  
  27  5:33  Queen  
  27  5:35  Queen  
  29  5:41  Extractor  
  29  5:42  Drone  
  31  5:43  Drone  
  32  6:26  Lair  
  32  6:28  Drone  
  32  6:29  Drone x4  
  37  6:33  Extractor  
  37  6:34  Extractor  
  35  6:40  Drone  
  36  6:58  Drone x3  
  39  7:15  Roach Warren  
  38  7:16  Drone  
  38  7:17  Drone x3  
  42  7:37  Zerg Missile Weapons Level 1  
  42  7:41  Drone x2  
  44  7:50  Overlord x2  
  44  7:51  Overlord x2  
  44  8:17  Hydralisk Den  
  43  8:22  Roach  
  43  8:23  Roach x5  
  43  8:24  Zergling x20  
  43  8:25  Zergling x2  
  66  9:03  Grooved Spines  
  66  9:04  Hydralisk x4  
  66  9:09  Drone x2  
  76  9:17  Hatchery  
  75  9:36  Zerg Missile Weapons Level 2  
  75  9:41  Evolution Chamber  
  75  9:42  Drone x2  
  75  9:44  Overlord x2  
  76  10:10  Zerg Ground Armor Level 1, Hydralisk x3  
  82  10:15  Drone x2  
  82  10:21  Glial Reconstitution  
  84  10:30  Drone x3  
  87  11:02  Extractor  
  86  11:07  Extractor  
  86  11:10  Hydralisk x4  
  86  11:11  Hydralisk x2  
  97  11:34  Overlord x4  
  98  11:40  Drone  
  98  11:48  Muscular Augments  
  98  11:53  Drone x2  
  98  11:54  Drone x3  
  103  12:13  Hydralisk x3  
  103  12:14  Hydralisk  
  111  12:20  Zerg Ground Armor Level 2  
  111  12:43  Hydralisk  
  111  12:44  Hatchery, Hydralisk  
  114  13:13  Hydralisk  
  114  13:14  Hydralisk x7  
  130  13:26  Overlord x4  
  130  13:45  Roach x3  
  130  13:46  Roach x4  
  144  14:12  Hydralisk  
  144  14:13  Hydralisk x6  
  144  14:15  Overlord  
  158  14:20  Infestation Pit  
  157  14:31  Drone x6  
  163  14:40  Overlord x3  
  163  15:09  Drone x2  
  165  15:15  Hatchery  
  165  15:17  Drone  
  165  15:18  Drone x5  
  165  15:20  Hydralisk x5  
  180  15:28  Hive  
  180  15:59  Hydralisk x2  
  180  16:00  Hydralisk x8  
  198  16:46  Hydralisk  
  198  16:47  Hydralisk x3  
  195  16:56  Hydralisk x4  
Tags
 
Add a new tag
Caveats
  • Supply blocks, unpowered buildings, or Contaminate may cause inaccurate times.
  • Supply counts are checked every 10 seconds.